 Dungeon Crawl Stone Soup version 0.32-a0-35-gd9ff480968 (webtiles) character file.

Game seed: 5323579185814547562

5130 pokeman the Thaumaturge (level 10, -2/53 HPs)
             Began as a Deep Elf Hedge Wizard on Jan 21, 2024.
             Was a Follower of Vehumet.
             Killed by divine providence
             ... invoked by an orc priest
              (15 damage)
             ... on level 8 of the Dungeon.
             The game lasted 00:20:43 (8875 turns).

pokeman the Thaumaturge (Deep Elf Hedge Wizard)     Turns: 8875, Time: 00:20:43

Health: -2/53      AC: 13    Str:  7    XL:     10   Next: 33%
Magic:  27/30      EV: 13    Int: 24    God:    Vehumet [*.....]
Gold:   337        SH:  0    Dex: 14    Spells: 29/37 levels left

rFire   . . .        x - +8 triple sword of a Gauntlet {protect, rN+ Will+}
rCold   . . .        (shield currently unavailable)
rNeg    + . .        b - +0 robe
rPois   .            l - +0 helmet
rElec   .            (no cloak)
rCorr   .            B - +1 pair of gloves
SInv    .            m - +0 pair of boots
Will    ++...        (no amulet)
Stlth   ++           (no ring)
HPRegen 0.28/turn    (no ring)
MPRegen 0.22/turn

%: no passive effects
@: under a protective aura, studying Armour
A: no striking features
a: Renounce Religion


You were on level 8 of the Dungeon.
You worshipped Vehumet.
Vehumet was aware of your devotion.
You visited 2 branches of the dungeon, and saw 9 of its levels.
You also visited: Bailey.

You collected 370 gold pieces.
You spent 33 gold pieces at shops.

Inventory:

Hand Weapons
 x - the +8 triple sword of a Gauntlet (weapon) {protect, rN+ Will+}
   (You took it off an orc knight in a bailey)

   rN+:       It protects you from negative energy.
   Will+:     It increases your willpower.
 y - a +3 war axe of electrocution
Armour
 b - a +0 robe (worn)
 k - a +2 buckler
 l - a +0 helmet (worn)
 m - a +0 pair of boots (worn)
 B - a +1 pair of gloves (worn)
Magical Staves
 o - a staff of conjuration
Wands
 p - a wand of roots (4)
Scrolls
 a - a scroll of revelation {unknown}
 g - a scroll of amnesia {unknown}
 h - 6 scrolls of vulnerability {unknown}
 i - a scroll of poison {unknown}
 j - 8 scrolls of identify {unknown}
 n - 2 scrolls of teleportation {unknown}
 r - a scroll of enchant weapon {unknown}
Potions
 c - 4 potions of enlightenment {unknown}
 d - a potion of magic
 e - 2 potions of degeneration {unknown}
 q - a potion of resistance {unknown}
 s - a potion of might {unknown}
 t - a potion of berserk rage {unknown}
 u - 3 potions of curing
 v - a potion of invisibility {unknown}
 w - 2 potions of lignification {unknown}
 z - a potion of haste {unknown}
 A - a potion of experience


   Skills:
 + Level 2.2 Fighting
 - Level 4.0 Armour
 - Level 3.0 Dodging
 - Level 3.0 Stealth
 - Level 4.0 Shields
 * Level 14.2 Spellcasting
 + Level 8.3 Conjurations
 - Level 1.1 Summonings
 - Level 1.1 Translocations
 - Level 1.0 Air Magic
 - Level 1.1 Alchemy
 - Level 1.2 Evocations


You had 29 spell levels left.
You knew the following spells:

 Your Spells              Type           Power      Damage    Failure   Level
a - Magic Dart            Conj           100%       1d8       1%          1
b - Mephitic Cloud        Conj/Alch/Air  33%        N/A       2%          3
c - Call Imp              Summ           44%        N/A       3%          2
d - Blink                 Tloc           44%        N/A       3%          2

Your spell library contained the following spells:

 Spells                   Type           Power      Damage    Failure   Level
 Shock                    Conj/Air       100%       1d9       1%          1
 Slow                     Hex            68%        N/A       3%          1
 Cigotuvi's Dreadful Rot  Necr/Alch/Air  40%        N/A       3%          2
 Leda's Liquefaction      Alch/Erth      9%         N/A       26%         4
 Lee's Rapid Deconstruct  Erth           8%         3d7*      67%         5
 Bombard                  Conj/Erth      18%        9d4       67%         6


Dungeon Overview and Level Annotations

Branches:
Dungeon (8/15)             Temple (1/1) D:7          Bailey (visited)
   Lair: D:8-11

Altars:
Ashenzari
Cheibriados
Dithmenos
Elyvilon
Fedhas
Gozag
Hepliaklqana
Kikubaaqudgha
Nemelex Xobeh
Okawaru
Qazlal
Sif Muna
Trog
Uskayaw
Vehumet
Wu Jian
Xom
Yredelemnul
Zin
The Shining One

Shops:
D:6 *

Annotations:
D:5 1 runed translucent door, pigah's ghost, novice VSNe


Message History

The orc warrior appears confused.
The orc warrior hits the orc with a +0 mace.
The orc is engulfed in noxious fumes.
The orc appears confused.
The orc barely misses the orc warrior.
The orc hits itself with a +0 club.
Unknown command.
Unknown command.
You slice the orc warrior!!
You kill the orc warrior!
Vehumet accepts your kill.
The orc warrior is engulfed in noxious fumes.
The orc warrior appears confused.
The orc hits the orc warrior but does no damage.
The orc warrior hits the orc warrior with a +0 war axe!
Unknown command.
Unknown command.
The orc hits the orc warrior but does no damage.
The orc priest invokes the aid of Beogh against you.
Beogh smites you!
* * * LOW HITPOINT WARNING * * *
The orc warrior barely misses the orc warrior.
The orc warrior hits itself with a +0 war axe.
The orc warrior hits the orc warrior with a +0 mace.
The orc warrior hits itself with a +0 mace!
Casting: Mephitic Cloud (dangerous; 2% risk of failure)
Confirm with . or Enter, or press ? or * to list all spells.
Aiming: Mephitic Cloud (dangerous; 2% risk of failure)
Press: ? - help, Shift-Dir - straight line, f/p - orc warrior
Aim: an orc warrior, wielding a +0 mace and wearing a +0 plate armour (severely wounded, confused, chance to affect: 81%)
The ball explodes into a vile cloud!
The stinking cloud engulfs the orc warrior.
The orc warrior is severely wounded.
The stinking cloud engulfs the orc warrior.
The orc warrior is heavily wounded.
The stinking cloud engulfs the orc warrior.
The orc warrior is moderately wounded.
You hear a howl!
A howler monkey comes into view.
The orc priest calls down the wrath of Beogh upon you.
Beogh smites you!
You die...

#.###.# #......
#.....# ..#
##.#..#
....#.....#
.......>..#
...h......###
.....##...@.#
..#......##ยง#
.........##o#
##.......#oo.oo#
##....###ooo.o#
##...#


#ooooo# . #....###oooo.# ....#.....#oo._$# ..........####### You could see 3 orc
warriors, a howler monkey (wandering), an orc priest and 12 orcs.

Vanquished Creatures
  3 orc knights (Bailey)
  6 yaks (D:7)
  A water moccasin (D:7)
  2 black bears
  11 orc warriors
  3 ogres
  2 centaurs (D:6)
  A gnoll sergeant (D:6)
  3 bullfrogs
  4 scorpions
  3 wights (D:7)
  A bombardier beetle (D:4)
  2 orc priests
  2 hounds
  An iguana (D:6)
  5 orc wizards
  A sleepcap (D:6)
  7 adders
  4 gnolls (D:6)
  2 shadow imps
  2 white imps (D:6)
  3 ufetubi
  2 dart slugs
  A ribbon worm (D:3)
  37 orcs
  10 endoplasms
  4 giant cockroaches
  7 goblins
  6 hobgoblins
  7 kobolds
  2 quokkas
  5 ball pythons
  9 bats
  4 frilled lizards
  8 rats
171 creatures vanquished.

Vanquished Creatures (collateral kills)
  A sleepcap (D:4)
  A hobgoblin (D:4)
  A ball python (D:4)
3 creatures vanquished.

Grand Total: 174 creatures vanquished

Notes
Turn   | Place    | Note
-------+----------+-------------------------------------------
     0 | D:1      | pokeman the Deep Elf Hedge Wizard began the quest for the
                  | Orb.
     0 | D:1      | Reached XP level 1. HP: 10/10 MP: 7/7
   195 | D:1      | Reached XP level 2. HP: 16/16 MP: 2/9
   809 | D:1      | Reached skill level 5 in Spellcasting
  1193 | D:2      | Reached XP level 3. HP: 20/20 MP: 2/11
  1197 | D:2      | Learned a level 3 spell: Mephitic Cloud
  1200 | D:2      | Learned a level 2 spell: Call Imp
  1203 | D:2      | Learned a level 2 spell: Blink
  1417 | D:2      | Reached skill level 1 in Fighting
  1417 | D:2      | Reached skill level 1 in Armour
  2019 | D:2      | Reached XP level 4. HP: 25/25 MP: 6/13
  2908 | D:3      | Reached skill level 1 in Shields
  2908 | D:3      | Reached skill level 6 in Spellcasting
  2908 | D:3      | Reached XP level 5. HP: 29/29 MP: 4/15
  3425 | D:4      | Reached skill level 1 in Evocations
  3546 | D:4      | Reached skill level 1 in Alchemy
  3546 | D:4      | Reached XP level 6. HP: 30/34 MP: 6/17
  3568 | D:4      | Reached skill level 1 in Air Magic
  3861 | D:4      | Reached skill level 7 in Spellcasting
  4425 | D:5      | Entered Level 5 of the Dungeon
  4514 | D:5      | Found an iron altar of Okawaru.
  4517 | D:5      | Found a broken altar of Ashenzari.
  4620 | D:5      | Found a hide-covered altar of Uskayaw.
  4653 | D:5      | Reached XP level 7. HP: 39/39 MP: 17/20
  4708 | D:5      | Found a runed translucent door.
  4711 | D:5      | Noticed pigah's ghost (novice VSNe)
  5109 | D:5      | Reached skill level 8 in Spellcasting
  5340 | D:6      | Found Ysaahy's General Store.
  5349 | D:6      | Bought a potion of curing for 33 gold pieces
  5390 | D:6      | Found a snail-covered altar of Cheibriados.
  5595 | D:6      | Reached skill level 9 in Spellcasting
  5632 | D:6      | Reached XP level 8. HP: 42/44 MP: 23/23
  5846 | D:5      | Found a glowing silver altar of Zin.
  5846 | D:5      | Found a shimmering altar of Xom.
  5906 | D:6      | HP: 1/44 [white imp/puff of frost (12)]
  6257 | D:6      | Reached skill level 5 in Conjurations
  6407 | D:6      | Reached skill level 10 in Spellcasting
  6700 | D:7      | Found a staircase to the Ecumenical Temple.
  6710 | Temple   | Entered the Ecumenical Temple
  6725 | Temple   | Became a worshipper of Vehumet
  6862 | D:7      | Found a flagged portal.
  6865 | D:7      | Reached skill level 11 in Spellcasting
  6945 | Bailey   | Entered a bailey
  7007 | Bailey   | Reached XP level 9. HP: 37/48 MP: 16/26
  7432 | Bailey   | Reached skill level 12 in Spellcasting
  7468 | Bailey   | Noticed an orc knight
  7479 | Bailey   | Reached * piety under Vehumet
  7479 | Bailey   | Offered knowledge of Shock by Vehumet.
  7479 | Bailey   | Identified the +8 triple sword of a Gauntlet {protect, rN+
                  | Will+}
  7479 | Bailey   | Noticed an orc knight
  7532 | Bailey   | Killed an orc knight
  7641 | Bailey   | Noticed an orc knight
  7671 | Bailey   | Killed an orc knight
  7672 | Bailey   | Reached skill level 13 in Spellcasting
  7955 | Bailey   | Killed an orc knight
  7956 | Bailey   | Reached XP level 10. HP: 53/53 MP: 26/29
  8085 | D:7      | Reached skill level 14 in Spellcasting
  8265 | D:7      | Found a hazy altar of Hepliaklqana.
  8614 | D:7      | Found a glowing golden altar of the Shining One.
  8630 | D:7      | Noticed an angel
  8653 | D:7      | Found a basalt altar of Yredelemnul.
  8724 | D:7      | Noticed a profane servitor
  8875 | D:8      | Killed from afar by an orc priest

Illustrated notes

Levels and vault maps discovered:
D:1:      dpeg_arrival_signposts, layout_basic, grunt_decor_arrowhead,
          grunt_decor_fettered, chequers_serial_rivers_room_b, st_stairs_3,
          nrook_campfire
D:2:      layout_rooms, nicolae_eternal_life
D:3:      layout_basic
D:4:      layout_loops_ring, st_stairs_1
D:5:      layout_rooms, nicolae_overflow_hidden_temple, gammafunk_ghost_grave
D:6:      layout_loops_corners, lemuel_crystal_altar, serial_shops, shop,
          minmay_increasing_density
D:7:      layout_loops_ring, grunt_temple_overflow_holy_war,
          nicolae_hepliaklqana_hippocampus, minmay_temple_entry_offerings,
          enter_bailey_3
D:8:      layout_cave_pools, special_room [special_room_orc],
          uniq_prince_ribbit1, uniq_erica
Temple:   hellmonk_temple_of_storms

Skill      XL: |  1  2  3  4  5  6  7  8  9 10 |
---------------+-------------------------------+-----
Spellcasting   | 5 6 7 9 11 13 14 | 14.2
Fighting       | 1 2 |  2.2
Armour         | 1 2 3 4 |  4.0
Conjurations   | 2 3 4 6 7 8 |  8.3
Dodging        | 3 |  3.0
Shields        | 1 3 4 |  4.0
Evocations     | 1 |  1.2
Alchemy        | 1 |  1.1
Stealth        | 3 |  3.0
Air Magic      | 1 |  1.0
Summonings     | |  1.1
Translocations | |  1.1

Action                     |  1- 3 |  4- 6 |  7- 9 | 10-12 || total
---------------------------+-------+-------+-------+-------++-------
  Melee: Dagger            |    13 |    26 |       |       ||    39
         Arbalest          |       |     3 |       |       ||     3
         Punch             |       |     1 |     1 |       ||     2
         Shortbow          |       |       |     1 |       ||     1
         War axe           |       |       |    26 |       ||    26
         Triple sword      |       |       |     7 |    23 ||    30
   Fire: Arbalest          |       |    22 |    53 |       ||    75
         Shortbow          |       |       |    72 |       ||    72
   Cast: Magic Dart        |   106 |   136 |    64 |    29 ||   335
         Mephitic Cloud    |       |    12 |    37 |     4 ||    53
         Call Imp          |       |     3 |     1 |       ||     4
         Blink             |       |     2 |       |       ||     2
   Stab: Sleeping          |     1 |       |       |       ||     1
         Confused          |       |     1 |     4 |     2 ||     7
 Armour: Robe              |    23 |    31 |    80 |    19 ||   153
  Dodge: Dodged            |    29 |    43 |    79 |    17 ||   168

Table legend: (Time is in decaauts)
 A = Elapsed time spent in this place.
 B = Non-inter-level travel time spent in this place.
 C = Inter-level travel time spent in this place.
 D = Time resting spent in this place.
 E = Time spent auto-exploring this place.
 F = Levels seen in this place.
 G = Mean time per level.
                   A        B        C        D        E       F      G
               +--------+--------+--------+--------+--------+-----+--------+
         Total |   9012 |   8763 |    249 |    867 |   6268 |  10 |  901.2 |
       Dungeon |   7883 |   7648 |    235 |    399 |   5949 |   8 |  985.4 |
        Temple |     30 |     16 |     14 |      0 |      0 |   1 |   30.0 |
        Bailey |   1098 |   1098 |      0 |    468 |    319 |   1 | 1098.0 |
               +--------+--------+--------+--------+--------+-----+--------+

Top non-repeatable levels by time:
     D:6: 1422 daAuts
     D:1: 1185 daAuts
     D:3: 1167 daAuts
  Bailey: 1098 daAuts
     D:7: 1094 daAuts
     D:4: 1093 daAuts
     D:2: 989 daAuts
     D:5: 884 daAuts
     D:8: 46 daAuts
  Temple: 30 daAuts
